 Dungeon Crawl Stone Soup version 0.31-a0-426-g3a05650e59 (webtiles) character file.

Game seed: 9784528082857487767

6126 Flugkiller the Grappler (level 10, -15/53 HPs)
             Began as a Vine Stalker Shapeshifter on July 30, 2023.
             Was a Follower of Wu Jian.
             Demolished by a two-headed ogre
             ... wielding a +0 giant spiked club
              (20 damage)
             ... on level 10 of the Dungeon.
             The game lasted 00:10:31 (7712 turns).

Flugkiller the Grappler (Vine Stalker Shapeshifter) Turns: 7712, Time: 00:10:31

Health: -15/53     AC:  8    Str: 21    XL:     10   Next: 89%
Magic:  0/15       EV: 11    Int:  8    God:    Wu Jian [*.....]
Gold:   578        SH: 11    Dex: 16    Spells: 15/15 levels left

rFire   . .          .
                       - Unarmed
rCold   . . .        w - +1 kite shield
rNeg    . . .        k - +0 swamp dragon scales
rPois   +            (helmet currently unavailable)
rElec   .            (cloak currently unavailable)
rCorr   .            (gloves currently unavailable)
SInv    .            (boots currently unavailable)
Will    +....        (no amulet)
Stlth   +            (no ring)
HPRegen 1.08/turn    (no ring)
MPRegen 0.14/turn

%: guardian spirit
@: beast-form
A: beast (slay +3), fangs 3, regeneration 1, magic shield, antimagic bite, no
potion heal 2
a: Begin Untransformation, Renounce Religion


You were on level 10 of the Dungeon.
You worshipped Wu Jian.
Wu Jian was aware of your devotion.
You were a hulking beast.
You visited 2 branches of the dungeon, and saw 11 of its levels.

You collected 611 gold pieces.
You spent 33 gold pieces at shops.

Inventory:

Missiles
 a - 3 throwing nets
Armour
 k - +0 swamp dragon scales (worn)
   (You found it on level 9 of the Dungeon)
 w - a +1 kite shield (worn)
   (You found it on level 4 of the Dungeon)
 B - +0 acid dragon scales
   (You found it on level 8 of the Dungeon)
Talismans
 c - a beast talisman (active)
Wands
 e - a wand of flame (18)
   (You found it on level 4 of the Dungeon)
 m - a wand of polymorph (3)
   (You found it on level 2 of the Dungeon)
 u - a wand of roots (16)
   (You found it on level 4 of the Dungeon)
Scrolls
 b - 3 scrolls of enchant armour
 h - a scroll of revelation
 j - a scroll of fog
 l - a scroll of immolation
 t - 3 scrolls of teleportation
 x - a scroll of silence {unknown}
 z - a scroll of blinking
Potions
 d - 2 potions of might
 g - a potion of enlightenment {unknown}
 i - a potion of ambrosia
 n - 2 potions of lignification
 p - a potion of attraction {unknown}
 q - 6 potions of curing
 s - a potion of mutation {unknown}
 v - a potion of cancellation
 y - a potion of invisibility {unknown}
 A - a potion of brilliance {unknown}
Miscellaneous
 C - a phial of floods (inert)
   (You found it on level 9 of the Dungeon)


   Skills:
 + Level 6.4 Fighting
 + Level 3.3 Armour
 - Level 4.0 Dodging
 - Level 6.0 Shields
 - Level 10.0 Unarmed Combat
 - Level 3.0 Spellcasting
 + Level 1.6 Evocations
 - Level 5.0 Shapeshifting


You had 15 spell levels left.
You didn't know any spells.
Your spell library contained the following spells:

 Spells                   Type           Power      Damage    Failure   Level
 Sandblast                Erth           2%         2d4       73%         1
 Ensorcelled Hibernation  Hex/Ice        2%         N/A       86%         2
 Lesser Beckoning         Tloc           2%         N/A       86%         2
 Passwall                 Tmut/Erth      0%         N/A       86%         2
 Wereblood                Tmut           1%         N/A       86%         2
 Call Canine Familiar     Summ           1%         N/A       97%         3
 Gell's Gravitas          Tloc           1%         N/A       97%         3
 Portal Projectile        Hex/Tloc       2%         N/A       97%         3
 Stone Arrow              Conj/Erth      2%         3d7       97%         3
 Swiftness                Air            1%         N/A       97%         3
 Teleport Other           Tloc           1%         N/A       97%         3
 Tukima's Dance           Hex            1%         N/A       97%         3
 Anguish                  Hex/Necr       0%         N/A       100%        4
 Cause Fear               Hex            0%         N/A       100%        4
 Iskenderun's Mystic Bla  Conj/Tloc      1%         2d3       100%        4
 Leda's Liquefaction      Hex/Erth       0%         N/A       100%        4
 Fireball                 Conj/Fire      0%         3d3       100%        5
 Irradiate                Conj/Tmut      0%         3d11      100%        5
 Dragon's Call            Summ           0%         N/A       100%        9


Dungeon Overview and Level Annotations

Branches:
Dungeon (10/15) Zot: 26620  Temple (1/1) D:5 Zot: 5998
   Lair: D:8-11         Orc: D:9-12

Altars:
Ashenzari
Cheibriados
Dithmenos
Elyvilon
Fedhas
Gozag
Hepliaklqana
Kikubaaqudgha
Makhleb
Nemelex Xobeh
Okawaru
Qazlal
Ru
Sif Muna
Trog
Uskayaw
Vehumet
Wu Jian
Xom
Yredelemnul
Zin
The Shining One

Shops:
D:2 [   D:6 *

Annotations:
D:3 1 runed translucent door, Crazy Yiuf
D:9 2 transporters, qborf's ghost, novice FoEE


Innate Abilities, Weirdness & Mutations

You are a hulking beast.
Your limbs bulge with bestial killing power. (Slay +3)
You have razor-sharp teeth.
Your natural rate of healing is unusually fast.
When hurt, damage is shared between your health and your magic reserves.
Your bite disrupts and absorbs the magic of your enemies.
Potions cannot restore your health.


Message History

The killer bee stings you but does no damage.
The killer bee attacks as you move away!
You block the killer bee's attack. The yak attacks as you move away!
The yak closely misses you.
The killer bee stings you but does no damage.
You block the killer bee's attack.
Aiming: Fastroot
Press: ? - help, Shift-Dir - straight line, f - yak
Aim: a yak The roots erupt in riotous growth!
Roots grab the yak. x3; Roots grab the killer bee. x2; Roots grab the yak.
The killer bee buzzes angrily.
The grasping roots constrict the yak. x4
The grasping roots constrict the killer bee. x2
You hear an angry buzzing noise.
The killer bee barely misses you. The killer bee closely misses you.
The yak struggles to escape constriction. x2
The yak closely misses you. The killer bee barely misses you.
A killer bee comes into view.
The killer bee stings you!
You barely miss the killer bee.
The killer bee is moderately wounded.
The grasping roots constrict the yak. x4
The grasping roots constrict the killer bee. x2
The roots release their grip on the yak. x3
The roots release their grip on the killer bee.
You block the killer bee's attack. x2; You block the yak's attack.
The killer bee stings you but does no damage.
The killer bee misses you.
You punch the killer bee!
You kill the killer bee!
The Council accepts your kill.
The grasping roots constrict the yak.
The roots release their grip on the yak.
The killer bee misses you. The yak barely misses you.
You spin and attack the yak repeatedly.
You punch the yak!
The yak is moderately wounded.
You hit the yak.
The yak is heavily wounded.
You spin and attack the killer bee.
You hit the killer bee.
The killer bee is moderately wounded.
You block the killer bee's attack. The yak gores you!
You block the killer bee's attack.
As you read the scroll of teleportation, it crumbles to dust.
You feel strangely unstable. The killer bee stings you!
The yak gores you but does no damage. The killer bee closely misses you.
You block the killer bee's attack.
Your surroundings suddenly seem different.
The two-headed ogre shouts in stereo!
Aiming: Fastroot
Press: ? - help, Shift-Dir - straight line, f - two-headed ogre
Aim: a two-headed ogre, wielding two +0 giant spiked clubs The roots erupt in riotous growth!
Roots grab the two-headed ogre.
The grasping roots constrict the two-headed ogre.
The two-headed ogre struggles to escape constriction.
Aim the phial where?
Press: ? - help, Shift-Dir - straight line, f/p - two-headed ogre
Aim: a two-headed ogre, wielding two +0 giant spiked clubs (lightly wounded, constricted by roots)
The torrent of water hits the two-headed ogre!
The two-headed ogre is moderately wounded.
The two-headed ogre is engulfed in water.
The wave splashes down.
The grasping roots constrict the two-headed ogre.
The two-headed ogre escapes!
Aiming: Throw Flame
Press: ? - help, Shift-Dir - straight line, f/p - two-headed ogre
Aim: a two-headed ogre, wielding two +0 giant spiked clubs (heavily wounded, waterlogged, 86% to hit)
The puff of flame hits the two-headed ogre!
The two-headed ogre is heavily wounded.
The two-headed ogre is engulfed in a cloud of scalding steam.
Aiming: Fastroot
Press: ? - help, Shift-Dir - straight line, f/p - two-headed ogre
Aim: a two-headed ogre, wielding two +0 giant spiked clubs (heavily wounded, waterlogged)
The roots erupt in riotous growth!
Roots grab the two-headed ogre.
The grasping roots constrict the two-headed ogre.
The two-headed ogre struggles to escape constriction.
The grasping roots constrict the two-headed ogre.
The roots release their grip on the two-headed ogre.
Aiming: Fastroot
Press: ? - help, Shift-Dir - straight line, f/p - two-headed ogre
Aim: a two-headed ogre, wielding two +0 giant spiked clubs (severely wounded, waterlogged)
The roots erupt in riotous growth!
Roots grab the two-headed ogre.
The grasping roots constrict the two-headed ogre.
The two-headed ogre is no longer waterlogged.
The two-headed ogre struggles to escape constriction.
The grasping roots constrict the two-headed ogre.
The roots release their grip on the two-headed ogre.
You hit the two-headed ogre.
The two-headed ogre is almost dead.
The two-headed ogre hits you with a +0 giant spiked club!!
* * * LOW HITPOINT WARNING * * *
The two-headed ogre hits you with a +0 giant spiked club!
* * * LOW HITPOINT WARNING * * *
You hit the two-headed ogre. Your bite misses the two-headed ogre.
The two-headed ogre is almost dead.
The two-headed ogre hits you with a +0 giant spiked club!!
You die...

######.........#
##........#
#........#
##.......#
##........##
##....~.~...#
##.....~~~...#
##......~~~...##
###............Oh#
..............##.#
.............#####
...........###
##.......###
###.....## ##...##
##..# ...#


You could see a two-headed ogre.

Vanquished Creatures
  A hornet (D:9)
  Grum (D:9)
  2 wyverns (D:8)
  9 yaks
  Menkaure (D:7)
  An acid dragon (D:8)
  5 water moccasins
  2 orc warriors
  4 ice beasts
  5 sky beasts
  A black bear (D:5)
  2 wolves (D:9)
  A centaur (D:8)
  A phantom (D:4)
  A kobold brigand (D:8)
  Blork the orc (D:5)
  A gnoll sergeant (D:7)
  3 bullfrogs
  2 scorpions (D:4)
  A killer bee (D:10)
  8 howler monkeys
  An electric eel (D:8)
  4 jellies
  7 hounds
  An orc priest (D:6)
  A gnoll bouda (D:8)
  A sleepcap (D:4)
  Jessica (D:3)
  6 iguanas
  8 orc wizards
  Natasha (thrice) (D:3)
  4 adders
  14 gnolls
  A river rat (D:4)
  A shadow imp (D:4)
  4 white imps
  2 ufetubi
  2 worms
  4 dart slugs
  21 orcs
  6 endoplasms
  4 giant cockroaches
  6 goblins
  6 hobgoblins
  4 jackals (D:3)
  4 quokkas
  7 ball pythons
  13 bats
  A frilled lizard (D:2)
  9 kobolds
  4 rats
203 creatures vanquished.

Notes
Turn   | Place    | Note
-------+----------+-------------------------------------------
     0 | D:1      | Flugkiller the Vine Stalker Shapeshifter began the quest
                  | for the Orb.
     0 | D:1      | Reached XP level 1. HP: 9/9 MP: 2/2
    24 | D:1      | Reached skill level 1 in Fighting
   122 | D:1      | Reached XP level 2. HP: 14/15 MP: 1/3
   251 | D:1      | Found a faded altar of an unknown god.
   473 | D:1      | Reached XP level 3. HP: 19/19 MP: 4/4
   989 | D:2      | Found Atoteps's Antique Armour Emporium.
  1302 | D:3      | Gained mutation: Your natural rate of healing is unusually
                  | fast. [Vine Stalker growth]
  1302 | D:3      | Reached XP level 4. HP: 20/24 MP: 2/5
  1337 | D:3      | Noticed Natasha
  1337 | D:3      | Noticed Jessica
  1340 | D:3      | Killed Natasha
  1343 | D:3      | Killed Jessica
  1344 | D:3      | Reached XP level 5. HP: 25/28 MP: 6/6
  1364 | D:3      | Found a stormy altar of Qazlal.
  1364 | D:3      | Found a glowing silver altar of Zin.
  1365 | D:3      | Noticed Natasha
  1385 | D:3      | Killed Natasha
  1386 | D:3      | Reached skill level 4 in Unarmed Combat
  1652 | D:3      | Noticed Natasha
  1656 | D:3      | Killed Natasha
  1811 | D:3      | Found a runed translucent door.
  1812 | D:3      | Noticed Crazy Yiuf
  2026 | D:4      | Noticed Ijyb
  2034 | D:4      | Ijyb changed into Ijyb the river rat
  2034 | D:4      | Noticed Ijyb
  2036 | D:4      | Killed Ijyb the river rat
  2116 | D:4      | Noticed a water moccasin
  2132 | D:4      | Killed a water moccasin
  2133 | D:4      | Reached XP level 6. HP: 6/32 MP: 2/7
  2198 | D:4      | Reached skill level 5 in Unarmed Combat
  2455 | D:4      | Reached XP level 7. HP: 30/36 MP: 6/8
  2525 | D:4      | Found an opulent altar of Gozag.
  2985 | D:5      | Entered Level 5 of the Dungeon
  3088 | D:5      | Gained mutation: You have razor-sharp teeth. [Vine Stalker
                  | growth]
  3088 | D:5      | Reached XP level 8. HP: 38/42 MP: 7/9
  3128 | D:5      | Found a staircase to the Ecumenical Temple.
  3224 | D:5      | Reached skill level 6 in Unarmed Combat
  3252 | Temple   | Entered the Ecumenical Temple
  3698 | D:5      | Reached skill level 5 in Shapeshifting
  3919 | D:6      | Noticed Blork the orc
  3929 | D:5      | Killed Blork the orc
  4043 | D:6      | Reached skill level 7 in Unarmed Combat
  4248 | D:6      | Reached skill level 8 in Unarmed Combat
  4262 | D:6      | Reached XP level 9. HP: 39/45 MP: 10/10
  4431 | D:6      | Reached skill level 1 in Shields
  4431 | D:6      | Found Ytweypp's General Store.
  4445 | D:6      | Bought a scroll of teleportation for 33 gold pieces
  4735 | D:7      | Reached skill level 9 in Unarmed Combat
  4868 | D:7      | Noticed Menkaure
  4874 | D:7      | Killed Menkaure
  5121 | D:7      | Noticed a boulder beetle
  5303 | D:8      | Found an ornate altar of the Wu Jian Council.
  5326 | D:8      | Reached skill level 10 in Unarmed Combat
  5338 | D:8      | Reached skill level 5 in Shields
  5345 | D:8      | Reached XP level 10. HP: 23/49 MP: 6/11
  5351 | D:8      | Became a worshipper of the Wu Jian Council
  6012 | D:8      | Reached skill level 1 in Spellcasting
  6358 | D:9      | Noticed Maggie
  6422 | D:9      | Maggie changed into Maggie the sky beast
  6422 | D:9      | Noticed Maggie
  6433 | D:9      | Killed Maggie the sky beast
  6433 | D:9      | Reached * piety under Wu Jian
  6573 | D:9      | Noticed qborf's ghost (novice FoEE)
  6574 | D:9      | Noticed a manticore
  6577 | D:9      | Noticed a moth of wrath
  6585 | D:9      | Found a transporter.
  6654 | D:9      | Reached skill level 5 in Fighting
  6714 | D:9      | Noticed Grum
  6726 | D:9      | Reached skill level 1 in Armour
  6735 | D:9      | Killed Grum
  6812 | D:9      | Found a transporter.
  6924 | D:9      | Found a blossoming altar of Fedhas.
  6937 | D:9      | Found a basalt altar of Yredelemnul.
  7332 | D:10     | Entered Level 10 of the Dungeon
  7523 | D:10     | Noticed a two-headed ogre
  7619 | D:10     | Reached skill level 1 in Evocations
  7712 | D:10     | Demolished by a two-headed ogre

Illustrated notes

Levels and vault maps discovered:
D:1:      dpeg_arrival_pits, layout_rooms, nicolae_ecumenical_snake_handling
D:2:      layout_basic, serial_shops, nicolae_shop_dealshenge
D:3:      layout_basic, jmf_multi_god_temple, uniq_crazy_yiuf_cottage,
          uniq_natasha, uniq_jessica
D:4:      minmay_bubble_buster, layout_basic, grunt_gozag_statues,
          kennysheep_generic_room_5, uniq_ijyb
D:5:      layout_basic, minmay_temple_entry_hall
D:6:      layout_cave_pools, serial_column_ruins, column_ruins_columns_straight,
          column_ruins_columns_corner, column_ruins_open_small,
          column_ruins_columns_dead_end, column_ruins_corridor_straight,
          column_ruins_corridor_dead_end, column_ruins_grid_1, serial_shops,
          nicolae_shop_tiny_waterfront, uniq_blork_the_orc
D:7:      minmay_slanted_spiral_squares, layout_rooms,
          minmay_a_box_with_orc_wizards_in_it, uniq_menkaure
D:8:      layout_loops_cross, amcnicky_altar_gilded, kennysheep_big_empty_room
D:9:      layout_irregular_city, overflow_temple_1_default, old_standard_altar,
          gammafunk_ghost_berserking_beasts, uniq_grum, uniq_maggie
D:10:     layout_layer_cave, uniq_lodul
Temple:   compressed_dpeg_triangle_lava_temple

Skill      XL: |  1  2  3  4  5  6  7  8  9 10 |
---------------+-------------------------------+-----
Fighting       | 1 2 3 4 6 |  6.4
Dodging        | 2 3 4 |  4.0
Unarmed Combat | 4 5 8 10 | 10.0
Shapeshifting  | 4 5 |  5.0
Shields        | 5 6 |  6.0
Spellcasting   | 3 |  3.0
Armour         | 3 |  3.3
Evocations     | 1 |  1.6

Action                     |  1- 3 |  4- 6 |  7- 9 | 10-12 || total
---------------------------+-------+-------+-------+-------++-------
  Melee: Unarmed           |    66 |    99 |   264 |   146 ||   575
         Bite              |    12 |    25 |    74 |    54 ||   165
         Punch             |     2 |     3 |     6 |       ||    11
Ability: Lunge             |       |       |       |     7 ||     7
         Whirlwind         |       |       |       |     2 ||     2
  Evoke: Wand              |       |     5 |     1 |    11 ||    17
         Phial of floods   |       |       |       |     1 ||     1
    Use: Scroll            |     2 |     1 |     5 |     5 ||    13
         Potion            |     2 |       |     5 |       ||     7
 Armour: Scale mail        |    12 |       |       |       ||    12
         Ring mail         |    14 |    23 |    51 |    14 ||   102
         Skin              |     1 |       |     3 |       ||     4
         Swamp dragon scal |       |       |       |     9 ||     9
         Acid dragon scale |       |       |       |     2 ||     2
  Dodge: Dodged            |    32 |    46 |   104 |    62 ||   244
  Block: Kite shield       |       |       |    36 |    89 ||   125

Table legend: (Time is in decaauts)
 A = Elapsed time spent in this place.
 B = Non-inter-level travel time spent in this place.
 C = Inter-level travel time spent in this place.
 D = Time resting spent in this place.
 E = Time spent auto-exploring this place.
 F = Levels seen in this place.
 G = Mean time per level.
                   A        B        C        D        E       F      G
               +--------+--------+--------+--------+--------+-----+--------+
         Total |   7675 |   7237 |    438 |   1042 |   4555 |  11 |  697.7 |
       Dungeon |   7673 |   7235 |    438 |   1042 |   4555 |  10 |  767.3 |
        Temple |      1 |      1 |      0 |      0 |      0 |   1 |    1.0 |
               +--------+--------+--------+--------+--------+-----+--------+

Top non-repeatable levels by time:
     D:8: 1159 daAuts
     D:5: 1027 daAuts
     D:4: 1004 daAuts
     D:9: 832 daAuts
     D:3: 744 daAuts
     D:7: 732 daAuts
     D:2: 646 daAuts
     D:1: 601 daAuts
     D:6: 566 daAuts
    D:10: 358 daAuts
  Temple: 1 daAuts
